 Dungeon Crawl Stone Soup version 0.29.1-12-g30fa7ad0bf (webtiles) character file.

Game seed: 3164627540821895840

4078 croobank the Sneak (level 9, -3/78 HPs)
             Began as a Demigod Delver on Jan 3, 2023.
             Killed from afar by an acid dragon (31 damage)
             ... with a splash of acid
             ... on level 9 of the Dungeon.
             The game lasted 00:35:37 (14442 turns).

croobank the Sneak (Demigod Delver)                Turns: 14442, Time: 00:35:37

Health: -3/78      AC:  7    Str: 15    XL:     9   Next: 76%
Magic:  11/16      EV: 16    Int: 24    God:
Gold:   268        SH:  0    Dex: 21    Spells: 12/14 levels left

rFire   . . .      SeeInvis .   c - +3 dagger (venom)
rCold   . . .      Faith    .   (no shield)
rNeg    . . .      Spirit   .   s - +0 steam dragon scales
rPois   .          Reflect  .   w - +0 helmet
rElec   .          Harm     .   (no cloak)
rCorr   .          Rampage  .   (no gloves)
Will    .....                   j - +0 pair of boots
Stlth   ++++......              (no amulet)
HPRegen 0.23/turn               q - +2 ring of strength
MPRegen 0.15/turn               h - +6 ring of dexterity

@: no status effects
A: high MP 1, forlorn, divine attributes
a: no special abilities


You were on level 9 of the Dungeon.
You visited 1 branch of the dungeon, and saw 9 of its levels.

You collected 415 gold pieces.
You spent 147 gold pieces at shops.

Inventory:

Hand Weapons
 a - a +1 hand axe
 c - a +3 dagger of venom (weapon)
 i - a +0 flail
 o - a +0 scimitar
Missiles
 f - 4 boomerangs
 p - 8 poisoned darts (quivered)
 t - a curare-tipped dart
Armour
 b - a +0 leather armour
 j - a +0 pair of boots (worn)
 k - a +3 leather armour
 s - +0 steam dragon scales (worn)
 w - a +0 helmet (worn)
 A - the +1 scale mail of the Good {rN+ Will+}
   (You found it on level 8 of the Dungeon)

   rN:        It protects you from negative energy.
   Will:      It increases your willpower.
Jewellery
 h - a +6 ring of dexterity (right hand)
 q - a +2 ring of strength (left hand)
 y - a +6 ring of strength
Wands
 g - a wand of digging (3)
 m - a wand of charming (5)
 x - a wand of polymorph (2)
Scrolls
 d - 4 scrolls of magic mapping
 n - a scroll of immolation
 r - a scroll of blinking
 u - 9 scrolls of identify
 v - 2 scrolls of fog
Potions
 e - 2 potions of resistance
 l - 3 potions of attraction


   Skills:
 + Level 6.5 Fighting
 + Level 6.2 Axes
 + Level 6.3 Dodging
 + Level 7.9 Stealth
 - Level 3.0 Spellcasting
 - Level 3.0 Air Magic
 - Level 3.0 Poison Magic


You had 12 spell levels left.
You knew the following spells:

 Your Spells              Type           Power      Damage    Failure   Level
a - Poisonous Vapours     Pois/Air       36%        N/A       4%          2

Your spell library contained the following spells:

 Spells                   Type           Power      Damage    Failure   Level
 Dazzling Flash           Conj/Hex       6%         N/A       32%         3
 Gell's Gravitas          Tloc           3%         N/A       32%         3
 Teleport Other           Tloc           3%         N/A       32%         3
 Corpse Rot               Necr/Pois/Air  13%        N/A       43%         4
 Silence                  Hex/Air        5%         N/A       85%         5
 Agony                    Necr           3%         N/A       96%         5
 Dispersal                Tloc           1%         N/A       100%        6


Dungeon Overview and Level Annotations

Branches:
Dungeon (9/15)             Temple (0/1) D:6
   Lair: D:8-11         Orc: D:9-12

Shops:
D:1 (   D:3 =   D:6 *   D:7 ?


Innate Abilities, Weirdness & Mutations

You have an increased reservoir of magic. (+10% MP)
You shall have no god before yourself.
Your divine heritage dramatically boosts your attributes as you level up.


Message History

Confirm with . or Enter, or press ? or * to list all spells.
Aiming: Poisonous Vapours (safe; 4% risk of failure)
Press: ? - help, Dir - move target, f - gnoll, p - acid dragon
Aim: a gnoll, wielding a +0 spear Poisonous vapours surround the gnoll!
The gnoll is poisoned.
The wyvern barely misses you. The wyvern bites you!
The gnoll hits you from afar with a +0 spear.
Casting: Poisonous Vapours (safe; 4% risk of failure)
Confirm with . or Enter, or press ? or * to list all spells.
Aiming: Poisonous Vapours (safe; 4% risk of failure)
Press: ? - help, Dir - move target, f - gnoll, p - gnoll
Aim: a gnoll, wielding a +0 spear Poisonous vapours surround the gnoll!
The gnoll is poisoned.
The wyvern bites you but does no damage.
The gnoll hits you but does no damage.
You hit the wyvern.
The wyvern looks as sick as possible!
The wyvern is heavily wounded.
The wyvern misses you. x2
The gnoll hits you from afar with a +0 spear.
Casting: Poisonous Vapours (safe; 4% risk of failure)
Confirm with . or Enter, or press ? or * to list all spells.
Aiming: Poisonous Vapours (safe; 4% risk of failure)
Press: ? - help, Dir - move target, f/p - gnoll
Aim: a gnoll, wielding a +0 spear (lightly wounded, poisoned) Poisonous vapours surround the gnoll!
The gnoll looks even sicker.
The wyvern bites you but does no damage.
The gnoll misses you.
You hit the wyvern.
The wyvern looks as sick as possible!
The wyvern is almost dead.
The wyvern bites you. The wyvern misses you.
The gnoll hits you from afar with a +0 spear.
You hit the wyvern but do no damage.
The wyvern looks as sick as possible!
The wyvern is almost dead.
You kill the wyvern!
The gnoll hits you but does no damage.
The acid dragon attacks as you move away!
The acid dragon closely misses you. The acid dragon misses you.
The acid dragon spits acid at you. The splash of acid hits you!!
You die...

#........... #.#
###......## #.#
##..#### #.#
#....### ##.#
#......#
#++###..#
####.####...
.......D###....#
..
..!.....##..####
. .......g##@##
#......gD..#
############


You could see an acid dragon (catching breath) and a gnoll (poisoned).

Vanquished Creatures
  A two-headed ogre (D:8)
  A wyvern (D:9)
  4 yaks
  A steam dragon (D:6)
  A water moccasin (D:6)
  2 orc warriors
  2 ice beasts
  A black bear (D:5)
  5 ogres
  A kobold brigand (D:6)
  Blork the orc (D:6)
  4 bullfrogs
  3 scorpions
  6 killer bees
  2 howler monkeys (D:7)
  5 orc priests
  2 hounds
  3 jellies
  A gnoll bouda (D:7)
  5 orc wizards
  An iguana (D:7)
  Robin (D:2)
  6 adders
  3 gnolls (D:7)
  3 river rats (D:6)
  2 shadow imps
  A white imp (D:7)
  An ufetubus (D:6)
  A worm (D:6)
  4 dart slugs
  15 orcs
  8 endoplasms
  14 goblins
  7 hobgoblins
  6 jackals
  10 kobolds
  3 quokkas
  11 ball pythons
  8 bats
  3 frilled lizards
  6 rats
165 creatures vanquished.

Vanquished Creatures (others)
  An ogre (D:7)
  2 killer bees (D:7)
3 creatures vanquished.

Grand Total: 168 creatures vanquished

Notes
Turn   | Place    | Note
-------+----------+-------------------------------------------
     0 | D:5      | croobank the Demigod Delver began the quest for the Orb.
     0 | D:5      | Reached XP level 1. HP: 18/18 MP: 3/3
     9 | D:6      | Noticed Blork the orc
   241 | D:3      | Noticed an orc wizard
   468 | D:2      | Reached XP level 2. HP: 11/25 MP: 4/4
   709 | D:2      | Noticed Robin
   881 | D:1      | Found Basazip's Antique Weapon Emporium.
   912 | D:1      | Reached XP level 3. HP: 20/31 MP: 5/5
  1476 | D:1      | You fall into a shaft and drop 1 floor!
  2793 | D:2      | Killed Robin
  2794 | D:2      | Reached skill level 5 in Stealth
  2794 | D:2      | Reached XP level 4. HP: 36/38 MP: 6/6
  3585 | D:3      | Found Wuenoadilu's One-of-a-Kind Rings.
  3601 | D:3      | Bought a +2 ring of strength for 42 gold pieces
  3909 | D:4      | Noticed an ogre
  4518 | D:4      | Reached XP level 5. HP: 37/45 MP: 7/7
  4909 | D:4      | Killed an ogre
  4910 | D:4      | Reached XP level 6. HP: 52/52 MP: 8/8
  5682 | D:6      | Noticed a steam dragon
  6038 | D:5      | Reached skill level 6 in Stealth
  6038 | D:5      | Reached XP level 7. HP: 16/60 MP: 9/9
  7652 | D:5      | Reached skill level 1 in Spellcasting
  7652 | D:5      | Reached skill level 1 in Air Magic
  7652 | D:5      | Reached skill level 1 in Poison Magic
  8041 | D:6      | Killed Blork the orc
  8780 | D:6      | Killed a steam dragon
  8781 | D:6      | Reached XP level 8. HP: 25/67 MP: 11/13
  9083 | D:6      | Reached skill level 5 in Fighting
  9738 | D:6      | Found Rekk's Overcharged Wands.
  9796 | D:6      | Found a staircase to the Ecumenical Temple.
 11103 | D:7      | Reached skill level 5 in Axes
 11588 | D:7      | Found Tonuhodecau's Magic Scroll Boutique.
 11786 | D:7      | Bought a scroll of teleportation for 45 gold pieces
 11786 | D:7      | Bought a scroll of identify for 30 gold pieces
 11786 | D:7      | Bought a scroll of identify for 30 gold pieces
 11994 | D:8      | Reached skill level 5 in Dodging
 12006 | D:8      | Learned a level 2 spell: Poisonous Vapours
 12011 | D:8      | Noticed a two-headed ogre
 12037 | D:8      | Killed a two-headed ogre
 12038 | D:8      | Reached skill level 7 in Stealth
 12038 | D:8      | Reached XP level 9. HP: 41/75 MP: 5/16
 13424 | D:8      | Identified the +1 scale mail of the Good {rN+ Will+}
 13896 | D:9      | Noticed a cyclops
 14442 | D:9      | Killed from afar by an acid dragon

Illustrated notes

Levels and vault maps discovered:
D:1:      giann_wishing_wells, layout_loops_corners, serial_shops, shop_statue
D:2:      layout_rooms, nicolae_ecumenical_pavilion, minmay_tromino_i2,
          uniq_robin
D:3:      layout_rooms, nicolae_kikubaaqudgha_miasma_corner,
          amcnicky_mini_corridor_feature, mrwooster_statue_mirror,
          nicolae_shop_unique_rings, hex_large
D:4:      layout_loops_corners, mainiacjoe_overflow_six_doors_small,
          chequers_temple_overflow_statue_of_worship
D:5:      layout_basic
D:6:      layout_gridville, minitemple, minmay_temple_entry_poolview,
          lightli_sewer_entry_pipes, chequers_serial_rivers_micro_a,
          nicolae_shop_overcharged_wands, uniq_blork_the_orc
D:7:      layout_loops_ring, serial_glass, glass_columns_b, glass_columns_a,
          serial_shops, shop, kennysheep_crisscross
D:8:      layout_rooms, serial_curves, eino_curves_04, eino_curves_02,
          kennysheep_generic_room_15
D:9:      layout_cave_pools, zin_purify, serial_gnoll_camp,
          gnoll_camp_mini_doghouse, gnoll_camp_mini_house, gnoll_camp_mini_hut,
          gnoll_camp_medium_01

Skill      XL: |  1  2  3  4  5  6  7  8  9 |
---------------+----------------------------+-----
Axes           | 2 3 4 5 6 |  6.2
Dodging        | 2 3 4 5 6 |  6.3
Fighting       | 3 4 5 6 |  6.5
Stealth        | 5 6 7 |  7.9
Spellcasting   | 1 2 3 |  3.0
Air Magic      | 1 3 |  3.0
Poison Magic   | 1 3 |  3.0

Action                   |  1- 3 |  4- 6 |  7- 9 || total
-------------------------+-------+-------+-------++-------
Melee: Hand axe          |   140 |   182 |   226 ||   548
       Punch             |     1 |     3 |     7 ||    11
       Dagger            |       |     2 |   181 ||   183
Throw: Dart              |       |     9 |    33 ||    42
       Boomerang         |       |       |    14 ||    14
 Cast: Poisonous Vapours |       |       |    32 ||    32
Evoke: Wand              |       |    10 |     4 ||    14
  Use: Scroll            |     1 |     1 |    14 ||    16
       Potion            |       |     7 |     3 ||    10
 Stab: Sleeping          |    11 |     6 |    14 ||    31
Armor: Leather armour    |    19 |       |       ||    19
       Ring mail         |    42 |    85 |    40 ||   167
       Steam dragon scal |       |       |    79 ||    79
Dodge: Dodged            |   124 |   100 |   303 ||   527
